 Dungeon Crawl Stone Soup version 0.25-a0-1133-g93ebf739aa (webtiles) character file.

Game seed: 16868375898939002711, levelgen mode: deterministic

144 tilp the Bolt Thrower (level 5, -1/33 HPs)
             Began as a Kobold Arcane Marksman on May 20, 2020.
             Slain by an orc
             ... wielding a +0 hand axe
              (5 damage)
             ... on level 3 of the Dungeon.
             The game lasted 00:06:07 (3599 turns).

tilp the Bolt Thrower (Kobold Arcane Marksman)      Turns: 3599, Time: 00:06:07

Health: -1/33      AC:  6    Str:  8    XL:     5   Next: 52%
Magic:  6/6        EV: 13    Int: 15    God:
Gold:   111        SH:  0    Dex: 15    Spells: 5/6 levels left

rFire    . . .     SeeInvis .   b - +0 short sword
rCold    . . .     Gourm    .   (shield restricted)
rNeg     . . .     Faith    .   g - +0 ring mail (curse)
rPois    .         Spirit   .   (no helmet)
rElec    .         Reflect  .   (no cloak)
rCorr    .         Harm     .   o - +0 pair of gloves
MR       .....                  (no boots)
Stlth    +.........             (no amulet)
HPRegen  0.11/turn              (no ring)
MPRegen  0.10/turn              (no ring)

@: no status effects
A: small, carnivore
a: no special abilities


You were on level 3 of the Dungeon.
You were completely stuffed.

You visited 1 branch of the dungeon, and saw 3 of its levels.

You collected 111 gold pieces.

Inventory:

Hand Weapons
 a - a +0 hand crossbow
 b - a +0 short sword (weapon)
 l - a +0 flail
 t - a +0 mace
Missiles
 d - 4 atropa-tipped darts
 k - 5 poisoned darts (quivered)
 v - 4 bolts
Armour
 g - a cursed +0 ring mail (worn)
 o - a +0 pair of gloves (worn)
Jewellery
 e - an uncursed ring of positive energy {unknown}
 m - an uncursed ring of flight {unknown}
Scrolls
 f - a scroll of teleportation {unknown}
 h - a scroll of enchant armour {unknown}
 i - a scroll of fear {unknown}
 j - a scroll of enchant weapon {unknown}
 n - a scroll of remove curse {unknown}
 r - 2 scrolls of fog
 s - a scroll of blinking {unknown}
 w - a scroll of random uselessness {unknown}
Potions
 p - a potion of resistance {unknown}
 q - a potion of stabbing {unknown}
Comestibles
 c - 3 rations
 u - a chunk of flesh


   Skills:
 - Level 4.0 Fighting
 + Level 4.7 Crossbows
 - Level 2.4 Dodging
 - Level 1.1 Spellcasting
 - Level 3.0 Hexes


You had 5 spell levels left.
You knew the following spells:

 Your Spells              Type           Power        Failure   Level  Hunger
a - Corona                Hex            #......      22%         1    ##.....

Your spell library contained the following spells:

 Spells                   Type           Power        Failure   Level  Hunger
 Slow                     Hex            #.......     32%         2    ###....
 Inner Flame              Hex/Fire       #.......     77%         3    ####...
 Portal Projectile        Hex/Tloc       #.....       77%         3    ####...
 Cause Fear               Hex            #.........   91%         4    #####..
 Leda's Liquefaction      Hex/Erth       #.........   99%         4    #####..


Dungeon Overview and Level Annotations

Branches:
Dungeon (3/15)

Altars:
Fedhas
Sif Muna


Innate Abilities, Weirdness & Mutations

You are small and have problems with some larger weapons.
You are carnivorous and can eat meat at any time.


Message History

* * * LOW HITPOINT WARNING * * *
You hit the orc wizard but do no damage.
The orc wizard is severely wounded.
The orc wizard looks more healthy.
The orc wizard hits you but does no damage.
The orc wizard closely misses you.
You hit the orc wizard.
The orc wizard is almost dead.
The orc wizard gestures at you while chanting.
The magic dart hits you.
* * * LOW HITPOINT WARNING * * *
You hit the orc wizard.
You kill the orc wizard!
You closely miss the orc.
The orc is heavily wounded.
The orc hits you but does no damage.
You hit the orc.
The orc is severely wounded.
The orc hits you with a +0 hand axe.
You die... . _PP.......#......(....# PPPP

#......##.)........#
.P.P##.......).........##
.....#.....<###.#........
#.......##.....#..####
#......###.......###..
...#..#..####.........#..
#......(####..((..###....
#.......@o(....>.........
....######.........##....
.... #............# ...
#.........#### .
.............#
..##.........# ..
##.......## . #.........#
#.........#


You could see an orc.

Vanquished Creatures
  An orc wizard (D:3)
  3 gnolls
  4 adders (D:2)
  A worm (D:2)
  A dart slug (D:1)
  A leopard gecko (D:2)
  2 orcs
  3 hobgoblins
  10 jackals
  6 kobolds
  5 bats
  3 frilled lizards
  4 goblins
  4 rats
48 creatures vanquished.

Notes
Turn   | Place    | Note
-------+----------+-------------------------------------------
     0 | D:1      | tilp the Kobold Arcane Marksman began the quest for the
                  | Orb.
     0 | D:1      | Reached XP level 1. HP: 12/12 MP: 2/2
   405 | D:1      | Reached XP level 2. HP: 13/17 MP: 1/3
  1014 | D:1      | Reached XP level 3. HP: 22/23 MP: 4/4
  1997 | D:2      | Reached XP level 4. HP: 20/29 MP: 5/5
  2782 | D:2      | Found a shimmering blue altar of Sif Muna.
  3402 | D:3      | Reached XP level 5. HP: 27/33 MP: 6/6
  3541 | D:3      | Found a blossoming altar of Fedhas.
  3599 | D:3      | Slain by an orc

Illustrated notes

Levels and vault maps discovered:
D:1:      dpeg_arrival_rooms_b, layout_basic
D:2:      layout_basic, lemuel_blue_sif_altar, minmay_tripent
D:3:      layout_rooms, grunt_temple_overflow_forces_of_nature,
          lemuel_doored_altar, kennysheep_slug_shrine, kennysheep_path_1

Skill      XL: |  1  2  3  4 |
---------------+-------------+-----
Fighting       | 2 3 4 |  4.0
Crossbows      | 4 |  4.7
Dodging        | |  2.4
Spellcasting   | |  1.1
Hexes          | |  3.0

Action                   |  1- 3 |  4- 6 || total
-------------------------+-------+-------++-------
Melee: Short sword       |    84 |    66 ||   150
 Fire: Hand crossbow     |    47 |    21 ||    68
Throw: Dart              |       |    14 ||    14
 Cast: Corona            |     1 |       ||     1
  Use: Scroll            |       |     1 ||     1
  Eat: Chunk             |    12 |     5 ||    17
Armor: Ring mail         |    43 |    36 ||    79
Dodge: Dodged            |   106 |    71 ||   177

Table legend:
 A = Non-vault XP
 B = Vault XP
 C = Vault XP percentage of total XP
 D = Non-vault monster count
 E = Vault monster count
 F = Vault count percentage of total count
                 A         B        C        D         E       F
            +---------+---------+-------+---------+---------+-------
      Total |     189 |      18 |   8.7 |      46 |       2 |   4.2
            +---------+---------+-------+---------+---------+-------
        D:1 |      29 |       0 |   0.0 |      18 |       0 |   0.0
        D:2 |      86 |      18 |  17.3 |      22 |       2 |   8.3
        D:3 |      74 |       0 |   0.0 |       6 |       0 |   0.0
            +---------+---------+-------+---------+---------+-------
